 Dungeon Crawl Stone Soup version 0.25-a0-578-gc91f01c39c (webtiles) character file.

Game seed: 13682513872615645607, levelgen mode: deterministic

353 surprisetrex the Firebug (level 6, -4/51 HPs)
             Began as a Draconian Fire Elementalist on Mar 5, 2020.
             Slain by a centaur (7 damage)
             ... while paralysed
             ... on level 4 of the Dungeon.
             The game lasted 00:13:55 (3334 turns).

surprisetrex the Firebug (DrFE)                     Turns: 3334, Time: 00:13:56

Health: -4/51      AC:  6    Str: 10    XL:     6   Next: 35%
Magic:  9/9        EV:  2    Int: 18    God:
Gold:   144        SH:  0    Dex: 11    Spells: 1/9 levels left

rFire    . . .     SeeInvis .   a - +2 whip (elec)
rCold    . . .     Gourm    .   (no shield)
rNeg     . . .     Faith    .   (armour unavailable)
rPois    .         Spirit   .   (helmet restricted)
rElec    .         Reflect  .   (no cloak)
rCorr    .         Harm     .   (no gloves)
MR       .....                  (no boots)
Stlth    ++........             (no amulet)
HPRegen  0.17/turn              (no ring)
MPRegen  0.11/turn              (no ring)

@: paralysed, brilliant, berserk cooldown, slowed
A: unfitting armour, cold-blooded, AC +6
a: no special abilities


You were on level 4 of the Dungeon.
You were not hungry.

You visited 1 branch of the dungeon, and saw 4 of its levels.

You collected 144 gold pieces.

Inventory:

Hand Weapons
 a - a +2 whip of electrocution (weapon)
 j - a +0 spear
Armour
 r - a +0 buckler
Jewellery
 l - a +2 ring of protection {unknown}
 n - a +5 ring of protection {unknown}
Scrolls
 f - a scroll of magic mapping {unknown}
 h - 3 scrolls of identify {unknown}
 i - a scroll of remove curse {unknown}
 k - a scroll of teleportation {unknown}
 m - a scroll of noise {unknown}
 o - a scroll of amnesia {unknown}
Potions
 c - 2 potions of stabbing {unknown}
 d - 2 potions of brilliance
 e - a potion of degeneration {unknown}
 g - a potion of curing {unknown}
 q - a potion of berserk rage
Comestibles
 b - 7 rations


   Skills:
 - Level 3.1 Fighting
 - Level 1.7 Dodging
 - Level 1.7 Stealth
 + Level 1.1 Shields
 - Level 2.0 Spellcasting
 + Level 4.2 Conjurations
 + Level 4.6 Fire Magic


You had one spell level left.
You knew the following spells:

 Your Spells              Type           Power        Failure   Level  Hunger
a - Foxfire               Conj/Fire      ####         3%          1    None
b - Conjure Flame         Conj/Fire      ####....     9%          3    None
c - Sticky Flame          Conj/Fire      ####....     28%         4    None

Your spell library contained the following spells:

 Spells                   Type           Power        Failure   Level  Hunger
 Infusion                 Chrm           #...         19%         1    None
 Inner Flame              Hex/Fire       ###.....     22%         3    None
 Shroud of Golubria       Chrm/Tloc      #.....       26%         2    None
 Song of Slaying          Chrm           #.......     26%         2    None
 Ozocubu's Armour         Chrm/Ice       #.......     47%         3    None
 Spectral Weapon          Hex/Chrm       #.......     47%         3    None
 Fireball                 Conj/Fire      ####......   63%         5    None


Dungeon Overview and Level Annotations

Branches:
Dungeon (4/15)
 Temple: D:4-7

Altars:
Elyvilon
Fedhas

Annotations:
D:2 Sigmund


Innate Abilities, Weirdness & Mutations

Your plain brown scales are hard. (AC +6)
You cannot fit into any form of body armour.
You are cold-blooded and may be slowed by cold attacks.


Message History

The centaur hits you!
* * * LOW HITPOINT WARNING * * *
You barely miss the centaur.
The centaur is almost dead.
The centaur closely misses you. The centaur hits you.
* * * LOW HITPOINT WARNING * * *
You closely miss the centaur.
The centaur is almost dead.
The centaur hits you.
* * * LOW HITPOINT WARNING * * *
You barely miss the centaur.
Your tail-slap misses the centaur.
The centaur is almost dead.
The centaur hits you.
* * * LOW HITPOINT WARNING * * *
You barely miss the centaur.
The centaur is almost dead.
You are no longer berserk.
You pass out from exhaustion.
You feel yourself slow down. The centaur hits you!
You die...

....... ....PP...#.....
....... ##.PP_PP.##.....
....... #..P.PPP..#.....
.....#####..PPPP...#.....
#.................#.....
...#............#.'..#.....
...'...(..........#..(.....
#..#.....c........####(....
###+###@###.............
........(('.............
..........#.............
#########'#........####.
.............'..#.
.............#).'.
.............#..#.
..............##+#.
#..............# +.


You could see a centaur.

Vanquished Creatures
  An ogre (D:4)
  A scorpion (D:4)
  Terence (D:1)
  An orc wizard (D:4)
  5 adders
  An ooze (D:1)
  2 dart slugs (D:2)
  4 worms
  A leopard gecko (D:1)
  8 orcs
  3 ball pythons
  7 giant cockroaches
  7 goblins
  9 hobgoblins
  7 jackals
  2 quokkas
  7 bats
  2 frilled lizards
  14 kobolds
  A leopard gecko skeleton (D:4)
  A quokka skeleton (D:4)
  7 rats
92 creatures vanquished.

Vanquished Creatures (others)
  179 foxfires
  4 toadstools (D:1)
183 creatures vanquished.

Grand Total: 275 creatures vanquished

Notes
Turn   | Place    | Note
-------+----------+-------------------------------------------
     0 | D:1      | surprisetrex the Draconian Fire Elementalist began the
                  | quest for the Orb.
     0 | D:1      | Reached XP level 1. HP: 14/14 MP: 3/3
   119 | D:1      | Reached XP level 2. HP: 22/22 MP: 3/5
   313 | D:1      | Reached skill level 1 in Fighting
   666 | D:1      | Reached XP level 3. HP: 18/28 MP: 0/6
  1173 | D:2      | Noticed Sigmund
  1247 | D:2      | Reached XP level 4. HP: 36/36 MP: 1/7
  1351 | D:2      | Noticed Terence
  1413 | D:1      | Killed Terence
  1455 | D:1      | Learned a level 3 spell: Conjure Flame
  2167 | D:3      | Reached XP level 5. HP: 42/42 MP: 6/8
  2307 | D:3      | Found a white marble altar of Elyvilon.
  2839 | D:4      | Learned a level 4 spell: Sticky Flame
  3176 | D:4      | Noticed a centaur
  3182 | D:4      | Found a blossoming altar of Fedhas.
  3254 | D:4      | Noticed an ogre
  3262 | D:4      | Killed an ogre
  3262 | D:4      | Reached skill level 1 in Shields
  3262 | D:4      | Reached XP level 6. HP: 43/51 MP: 4/9
  3334 | D:4      | Slain by a centaur

Levels and vault maps discovered:
D:1:      ldierk_walled_garden_2, layout_basic
D:2:      layout_rooms, skrybe_limestone_x, uniq_terence, uniq_sigmund
D:3:      layout_basic, nicolae_overflow_crystal_walls, chequers_garden
D:4:      layout_gridville, fedhas_bush_and_centaur_altar,
          chequers_serial_rivers_micro_c

Skill      XL: |  1  2  3  4  5 |
---------------+----------------+-----
Fighting       | 1 2 3 |  3.1
Conjurations   | 2 3 4 |  4.2
Fire Magic     | 4 |  4.6
Shields        | 1 |  1.1
Dodging        | |  1.7
Stealth        | |  1.7
Spellcasting   | |  2.0

Action                   |  1- 3 |  4- 6 || total
-------------------------+-------+-------++-------
Melee: Spear             |    56 |     6 ||    62
       Unarmed           |     2 |       ||     2
       Tailslap          |     1 |     6 ||     7
       Whip              |       |    88 ||    88
 Cast: Foxfire           |    55 |    58 ||   113
       Sticky Flame      |       |     1 ||     1
  Use: Potion            |       |     2 ||     2
 Stab: Sleeping          |     3 |     1 ||     4
  Eat: Chunk             |     2 |     8 ||    10
Armor: Skin              |    31 |    28 ||    59
Dodge: Dodged            |    33 |    65 ||    98

Table legend:
 A = Non-vault XP
 B = Vault XP
 C = Vault XP percentage of total XP
 D = Non-vault monster count
 E = Vault monster count
 F = Vault count percentage of total count
                 A         B        C        D         E       F
            +---------+---------+-------+---------+---------+-------
      Total |     469 |      36 |   7.1 |      91 |       1 |   1.1
            +---------+---------+-------+---------+---------+-------
        D:1 |      47 |      36 |  43.4 |      25 |       1 |   3.8
        D:2 |     102 |       0 |   0.0 |      35 |       0 |   0.0
        D:3 |      45 |       0 |   0.0 |      17 |       0 |   0.0
        D:4 |     275 |       0 |   0.0 |      14 |       0 |   0.0
            +---------+---------+-------+---------+---------+-------
